PL
BUCKHEAD BOWTIES @ BOSTON PATRIOTS
07/27/2022
 
TOP OF THE 1ST
Buckhead Bowties batting - Pitching for Boston Patriots : RHP Sozen Raikatuji
Pitching: RHP Sozen Raikatuji
Batting: RHB Aaron Phillips 0-0: Ball
1-0: Called Strike
1-1: Called Strike
1-2: Ball
2-2: Foul Ball, location: 2F
2-2: Strikes out looking
Batting: LHB Neil Lawson 0-0: Foul Ball, location: 2F
0-1: Called Strike
0-2: Strikes out swinging
Batting: RHB Pedro Morales 0-0: Ball
1-0: Ball
2-0: Called Strike
2-1: SINGLE (Line Drive, 78S)
Batting: RHB Gabriel Rodríguez 0-0: Ball
1-0: Foul Ball, location: 2F
1-1: Ball
2-1: Ball
3-1: Swinging Strike
3-2: Strikes out swinging
Top of the 1st over - 0 run(s), 1 hit(s), 0 error(s), 1 left on base; Buckhead 0 - Boston 0
BOTTOM OF THE 1ST
Boston Patriots batting - Pitching for Buckhead Bowties : LHP Ramón Torres
Pitching: LHP Ramón Torres
Batting: RHB Terry Armstrong 0-0: Swinging Strike
0-1: Ball
1-1: Ground out 6-3 (Groundball, 6)
Batting: RHB Tamasaburo Kato 0-0: Ground out 5-3 (Groundball, 56S)
Batting: RHB Wilfred McLaughlin 0-0: Swinging Strike
0-1: Foul Ball, location: 2F
0-2: Ball
1-2: Ground out 1-3 (Groundball, 15)
Bottom of the 1st over - 0 run(s), 0 hit(s), 0 error(s), 0 left on base; Buckhead 0 - Boston 0
TOP OF THE 2ND
Buckhead Bowties batting - Pitching for Boston Patriots : RHP Sozen Raikatuji
Batting: LHB Tony Martínez 0-0: Called Strike
0-1: Ball
1-1: Foul Ball, location: 2F
1-2: Strikes out swinging
Batting: RHB Enrique Marroquín 0-0: Called Strike
0-1: Ball
1-1: Ground out U3 (Groundball, 3)
Batting: RHB Joe Andrews 0-0: Ball
1-0: Called Strike
1-1: Foul Ball, location: 2F
1-2: Ball
2-2: Foul Ball, location: 2F
2-2: Foul Ball, location: 2F
2-2: Ball
3-2: Strikes out swinging
Top of the 2nd over - 0 run(s), 0 hit(s), 0 error(s), 0 left on base; Buckhead 0 - Boston 0
BOTTOM OF THE 2ND
Boston Patriots batting - Pitching for Buckhead Bowties : LHP Ramón Torres
Batting: RHB Karl Schultz 0-0: Called Strike
0-1: Foul Ball, location: 2F
0-2: Ball
1-2: Fly out, F6 (Line Drive, 6S)
Batting: RHB Bobby Christopher 0-0: Ball
1-0: Called Strike
1-1: Called Strike
1-2: DOUBLE (Line Drive, 9LS)
Pitching: RHP Floyd Cotton
Batting: RHB Abílio Conceio 0-0: Called Strike
0-1: Called Strike
0-2: Ball
1-2: Foul Ball, location: 2F
1-2: Foul Ball, location: 2F
1-2: Ball
2-2: SINGLE (Line Drive, 6MD)
Bobby Christopher to third
Batting: LHB Bill Chambers 0-0: Called Strike
0-1: Swinging Strike
0-2: Ball
1-2: Strikes out looking
Batting: RHB Tommy Jones 0-0: SINGLE (Groundball, 6MD)
Bobby Christopher scores
Abílio Conceio to second
Batting: RHB Enrique Pérez 0-0: Called Strike
0-1: Foul Ball, location: 2F
0-2: Ground out 5-3 (Groundball, 56)
Bottom of the 2nd over - 1 run(s), 3 hit(s), 0 error(s), 2 left on base; Buckhead 0 - Boston 1
TOP OF THE 3RD
Buckhead Bowties batting - Pitching for Boston Patriots : RHP Sozen Raikatuji
Batting: RHB Dave King 0-0: Ball
1-0: Called Strike
1-1: Fly out, F8 (Flyball, 8LD)
Batting: RHB Greg Robinson 0-0: Ball
1-0: Swinging Strike
1-1: Ball
2-1: Ball
3-1: Fly out, F1 (Line Drive, 13)
Batting: RHB Aaron Phillips 0-0: Swinging Strike
0-1: Ball
1-1: Ball
2-1: Called Strike
2-2: Strikes out swinging
Top of the 3rd over - 0 run(s), 0 hit(s), 0 error(s), 0 left on base; Buckhead 0 - Boston 1
BOTTOM OF THE 3RD
Boston Patriots batting - Pitching for Buckhead Bowties : RHP Floyd Cotton
Batting: RHB Terry Armstrong 0-0: Called Strike
0-1: Ball
1-1: Swinging Strike
1-2: Ground out 5-3 (Groundball, 5S)
Batting: RHB Tamasaburo Kato 0-0: Called Strike
0-1: Fly out, F8 (Flyball, 8RM)
Batting: RHB Wilfred McLaughlin 0-0: Called Strike
0-1: Foul Ball, location: 2F
0-2: Foul Ball, location: 2F
0-2: Ground out 6-3 (Groundball, 6)
Bottom of the 3rd over - 0 run(s), 0 hit(s), 0 error(s), 0 left on base; Buckhead 0 - Boston 1
TOP OF THE 4TH
Buckhead Bowties batting - Pitching for Boston Patriots : RHP Sozen Raikatuji
Batting: LHB Neil Lawson 0-0: Ball
1-0: Called Strike
1-1: Foul Ball, location: 2F
1-2: Strikes out swinging
Batting: RHB Pedro Morales 0-0: Called Strike
0-1: Foul Ball, location: 2F
0-2: Ball
1-2: Ball
2-2: Ball
3-2: Ground out 6-3 (Groundball, 6)
Batting: RHB Gabriel Rodríguez 0-0: Called Strike
0-1: Swinging Strike
0-2: Strikes out swinging
Top of the 4th over - 0 run(s), 0 hit(s), 0 error(s), 0 left on base; Buckhead 0 - Boston 1
BOTTOM OF THE 4TH
Boston Patriots batting - Pitching for Buckhead Bowties : RHP Floyd Cotton
Batting: RHB Karl Schultz 0-0: Ball
1-0: Ball
2-0: Fly out, F7 (Flyball, 7S)
Batting: RHB Bobby Christopher 0-0: Ball
1-0: Ball
2-0: Ball
3-0: Called Strike
3-1: Fly out, F8 (Flyball, 8RM)
Batting: RHB Abílio Conceio 0-0: Foul Ball, location: 2F
0-1: Foul Ball, location: 2F
0-2: Ball
1-2: Ball
2-2: Ball
3-2: Foul Ball, location: 2F
3-2: Foul Ball, location: 2F
3-2: Fly out, F2 (Popup, 2RF)
Bottom of the 4th over - 0 run(s), 0 hit(s), 0 error(s), 0 left on base; Buckhead 0 - Boston 1
TOP OF THE 5TH
Buckhead Bowties batting - Pitching for Boston Patriots : RHP Sozen Raikatuji
Batting: LHB Tony Martínez 0-0: Ball
1-0: Foul Ball, location: 2F
1-1: SINGLE (Groundball, 5D)
Batting: RHB Enrique Marroquín 0-0: Foul Ball, location: 2F
0-1: Ball
1-1: SINGLE (Groundball, 4M) (infield hit)
Tony Martínez to second
Batting: RHB Joe Andrews 0-0: Ball
1-0: Foul Ball, location: 2F
1-1: Swinging Strike
1-2: Ball
2-2: Strikes out swinging
Batting: RHB Dave King 0-0: Called Strike
0-1: Ball
1-1: Foul Ball, location: 2F
1-2: Fly out, F3 (Popup, 3S)
Batting: RHB Greg Robinson 0-0: Ball
1-0: Foul Ball, location: 2F
1-1: Ball
2-1: Ball
3-1: Fly out, F3 (Popup, 3F)
Top of the 5th over - 0 run(s), 2 hit(s), 0 error(s), 2 left on base; Buckhead 0 - Boston 1
BOTTOM OF THE 5TH
Boston Patriots batting - Pitching for Buckhead Bowties : RHP Floyd Cotton
Batting: LHB Bill Chambers 0-0: DOUBLE (Flyball, 8RXD)
Batting: RHB Tommy Jones 0-0: Foul Ball, location: 2F
0-1: Ball
1-1: Ball
2-1: Ball
3-1: Called Strike
3-2: Ground out 6-3 (Groundball, 6M)
Bill Chambers to third
Batting: RHB Enrique Pérez 0-0: Ball
1-0: Ground out 6-3 (Groundball, 6)
Bill Chambers scores
Batting: RHB Terry Armstrong 0-0: Called Strike
0-1: Ball
1-1: SINGLE (Line Drive, 7S)
Batting: RHB Tamasaburo Kato 0-0: Called Strike
0-1: Foul Ball, location: 2F
0-2: Ball
1-2: Foul Ball, location: 2F
1-2: TRIPLE (Line Drive, 8RXD)
Terry Armstrong scores
Batting: RHB Wilfred McLaughlin 0-0: Ball
1-0: Ball
2-0: Called Strike
2-1: Swinging Strike
2-2: Ball
3-2: Base on Balls
Batting: RHB Karl Schultz 0-0: Ball
1-0: Ball
2-0: Ball
3-0: Called Strike
3-1: Ground out 2-3 (Groundball, 2R)
Bottom of the 5th over - 2 run(s), 3 hit(s), 0 error(s), 2 left on base; Buckhead 0 - Boston 3
TOP OF THE 6TH
Buckhead Bowties batting - Pitching for Boston Patriots : RHP Sozen Raikatuji
Batting: RHB Aaron Phillips 0-0: Ball
1-0: Swinging Strike
1-1: Ball
2-1: Ball
3-1: Ground out 6-3 (Groundball, 6)
Batting: LHB Neil Lawson 0-0: Ball
1-0: Ball
2-0: Called Strike
2-1: Foul Ball, location: 2F
2-2: Ball
3-2: Ground out 4-3 (Groundball, 4)
Batting: RHB Pedro Morales 0-0: Called Strike
0-1: Swinging Strike
0-2: Strikes out swinging
Top of the 6th over - 0 run(s), 0 hit(s), 0 error(s), 0 left on base; Buckhead 0 - Boston 3
BOTTOM OF THE 6TH
Boston Patriots batting - Pitching for Buckhead Bowties : RHP Floyd Cotton
Batting: RHB Bobby Christopher 0-0: Ball
1-0: Called Strike
1-1: Foul Ball, location: 2F
1-2: Ground out 5-3 (Groundball, 5)
Batting: RHB Abílio Conceio 0-0: Foul Ball, location: 2F
0-1: Ball
1-1: Ground out 5-3 (Groundball, 56)
Batting: LHB Bill Chambers 0-0: Ground out 1-3 (Groundball, 15)
Bottom of the 6th over - 0 run(s), 0 hit(s), 0 error(s), 0 left on base; Buckhead 0 - Boston 3
TOP OF THE 7TH
Buckhead Bowties batting - Pitching for Boston Patriots : RHP Sozen Raikatuji
Batting: RHB Gabriel Rodríguez 0-0: Fly out, F2 (Popup, 2LF)
Batting: LHB Tony Martínez 0-0: Foul Ball, location: 2F
0-1: Swinging Strike
0-2: Ground out 3-1 (Groundball, 34)
Batting: RHB Enrique Marroquín 0-0: Fly out, F7 (Flyball, 78XD)
Top of the 7th over - 0 run(s), 0 hit(s), 0 error(s), 0 left on base; Buckhead 0 - Boston 3
BOTTOM OF THE 7TH
Boston Patriots batting - Pitching for Buckhead Bowties : RHP Floyd Cotton
Batting: RHB Tommy Jones 0-0: Ball
1-0: SINGLE (Line Drive, 7LS)
Batting: RHB Enrique Pérez 0-0: Called Strike
0-1: Ball
1-1: Sac Bunt - play at second, runner OUT -> throw to first, DP!
Batting: RHB Terry Armstrong 0-0: Called Strike
0-1: Foul Ball, location: 2F
0-2: Ball
1-2: Ball
2-2: SINGLE (Line Drive, 4M)
Batting: RHB Tamasaburo Kato 0-0: SINGLE (Groundball, 6MD)
Terry Armstrong to second
Batting: RHB Wilfred McLaughlin 0-0: Ball
1-0: Foul Ball, location: 2F
1-1: SINGLE (Line Drive, 7S)
Terry Armstrong to third
Tamasaburo Kato to second
Runner from 3rd tries for Home, SAFE, throw made home
Tamasaburo Kato to third
Wilfred McLaughlin to second
Pitching: RHP Ricardo DePay
Batting: RHB Karl Schultz 0-0: Called Strike
0-1: 3-RUN HOME RUN (Flyball, 7LD), Distance : 362 ft
Batting: RHB Bobby Christopher 0-0: Foul Ball, location: 2F
0-1: Called Strike
0-2: Ball
1-2: Ball
2-2: SINGLE (Line Drive, 7S)
Batting: RHB Abílio Conceio 0-0: Ball
1-0: Ball
2-0: Ball
3-0: Called Strike
3-1: SINGLE (Line Drive, 6MD)
Bobby Christopher to second
Batting: LHB Bill Chambers 0-0: Ball
1-0: Called Strike
1-1: Ground out 1-3 (Groundball, 15)
Bottom of the 7th over - 4 run(s), 7 hit(s), 0 error(s), 2 left on base; Buckhead 0 - Boston 7
TOP OF THE 8TH
Buckhead Bowties batting - Pitching for Boston Patriots : RHP Sozen Raikatuji
Batting: RHB Joe Andrews 0-0: Fly out, F4 (Popup, 3D)
Batting: RHB Dave King 0-0: Called Strike
0-1: Ball
1-1: Foul Ball, location: 2F
1-2: Foul Ball, location: 2F
1-2: Strikes out looking
Batting: RHB Greg Robinson 0-0: Ball
1-0: Ball
2-0: Fly out, F7 (Line Drive, 78M)
Top of the 8th over - 0 run(s), 0 hit(s), 0 error(s), 0 left on base; Buckhead 0 - Boston 7
BOTTOM OF THE 8TH
Boston Patriots batting - Pitching for Buckhead Bowties : RHP Ricardo DePay
Batting: RHB Tommy Jones 0-0: Ball
1-0: Foul Ball, location: 2F
1-1: Ball
2-1: Foul Ball, location: 2F
2-2: SINGLE (Line Drive, 78M)
Batting: RHB Enrique Pérez 0-0: Ball
1-0: Called Strike
1-1: SINGLE (Line Drive, 7LS)
Tommy Jones to second
Batting: RHB Terry Armstrong 0-0: Fly out, F8 (Flyball, 8RD)
Runner from 2nd tags up, SAFE at 3rd, no throw
Batting: RHB Tamasaburo Kato 0-0: Ball
1-0: Swinging Strike
1-1: Ball
2-1: Ball
3-1: Swinging Strike
3-2: Base on Balls
Enrique Pérez to second
Batting: RHB Wilfred McLaughlin 0-0: Swinging Strike
0-1: Ball
1-1: Ball
2-1: Fly out, F8 (Popup, 8RS)
Runner from 3rd tags up, SCORES, throw made
Batting: RHB Karl Schultz 0-0: Ball
1-0: Swinging Strike
1-1: Called Strike
1-2: Ball
2-2: Ball
3-2: Base on Balls
Enrique Pérez to third
Tamasaburo Kato to second
Batting: RHB Bobby Christopher 0-0: Foul Ball, location: 2F
0-1: Swinging Strike
0-2: Ball
1-2: SINGLE (Line Drive, 5L)
Enrique Pérez scores
Tamasaburo Kato to third
Karl Schultz to second
Runner from 3rd tries for Home, SAFE, throw made home
Pitching: LHP Ethan Bishop
Batting: RHB Abílio Conceio 0-0: Called Strike
0-1: Called Strike
0-2: Foul Ball, location: 2F
0-2: Ball
1-2: Ball
2-2: Ball
3-2: Fly out, F8 (Flyball, 8LM)
Bottom of the 8th over - 3 run(s), 3 hit(s), 0 error(s), 2 left on base; Buckhead 0 - Boston 10
TOP OF THE 9TH
Buckhead Bowties batting - Pitching for Boston Patriots : RHP Sozen Raikatuji
Pitching: LHP Jesús Caldero
Batting: RHB Aaron Phillips 0-0: Ball
1-0: Swinging Strike
1-1: Ground out 5-3 (Groundball, 5S)
Batting: LHB Neil Lawson 0-0: Foul Ball, location: 2F
0-1: Ball
1-1: Ball
2-1: SOLO HOME RUN (Line Drive, 89XD), Distance : 413 ft
Batting: RHB Pedro Morales 0-0: Called Strike
0-1: Ball
1-1: Swinging Strike
1-2: Ball
2-2: Fly out, F4 (Popup, 4)
Batting: RHB Gabriel Rodríguez 0-0: Swinging Strike
0-1: Ground out 6-3 (Groundball, 6)
Top of the 9th over - 1 run(s), 1 hit(s), 0 error(s), 0 left on base; Buckhead 1 - Boston 10
This league is powered by Out of the Park Baseball, the baseball management simulation game for PC, Mac and Linux
Friday, April 15th, 2016 - OOTP Baseball 16.9 Build 39